Unix NetHack Version 5.0.0-0 post-release - last build Jul 14 2026 02:55:29 (1809b74e8187c3a3585e283601c3028b46cbbdcb,branch:main).

Game began 2026-07-16 17:52:54, ended 2026-07-16 18:05:03.

Jinnora, neutral female human Wizard

           --------------
           |............|
           |............|
           |............|
           |............|
           |.....[.....<.
           -----------.--
                      #
                      #
                      #
                      #
                      #
                      #
                     -.---- G
                     +..^.| @
                     |...[.f#
                     ------

Jinnora the Conjurer      St:9 Dx:11 Co:13 In:17 Wi:15 Ch:12  Neutral
Dlvl:5  $:337 HP:0(21) Pw:14(32) AC:9  Xp:3/77 T:963 

Latest messages:
 You miss the rock piercer.
 The kitten misses the rock piercer.
 You miss the rock piercer.
 The kitten misses the rock piercer.
 You miss the rock piercer.
 The kitten misses the rock piercer.
 The kitten misses the rock piercer.
 You miss the rock piercer.
 The kitten misses the rock piercer.
 You miss the rock piercer.
 The kitten misses the rock piercer.
 You hear crashing rock.
 The kitten misses the rock piercer.
 You miss the rock piercer.
 The kitten misses the rock piercer.
 The kitten misses the rock piercer.
 You miss the rock piercer.
 The kitten misses the rock piercer.
 The kitten misses the rock piercer.
 You hit the rock piercer.
 The kitten misses the rock piercer.
 You hit the rock piercer.
 The kitten misses the rock piercer.
 You kill the rock piercer!
 Your kitten eats a rock piercer corpse.
 The kitten is hit by an arrow!
 Really step onto that arrow trap? [yn] (n) n
 You see here a tin opener.
 D - a tin opener.
 In what direction? 6
 The spell misses the dwarf.
 In what direction? 6
 The spell misses the dwarf.
 The dwarf thrusts his broad short sword.
 The dwarf hits!
 In what direction? 6
 The spell misses the dwarf.
 The dwarf thrusts his broad short sword.
 The dwarf hits!
 In what direction? 6
 The spell hits the dwarf!
 You kill the dwarf!
 There are several objects here.
 There is a dwarf corpse here; eat it? [ynq] (n) y
 This dwarf corpse tastes okay.
 You finish eating the dwarf corpse.
 You miss the gnome lord.
 The gnome lord hits!
 You die...
 Do you want your possessions identified? [ynq] (y) q

Inventory:
 Coins    ('$')
  $ - 337 gold pieces
 Weapons  (')')
  w - 13 uncursed +0 darts
  q - 9 uncursed +0 shuriken
  a - a blessed +1 quarterstaff (weapon in hands)
 Armor    ('[')
  b - an uncursed +0 cloak of magic resistance (being worn)
 Comestibles  ('%')
  o - 2 uncursed slime molds
  t - 2 uncursed food rations
 Scrolls  ('?')
  A - an uncursed scroll of earth
  u - an uncursed scroll of enchant weapon
  x - an uncursed scroll of identify
  j - an uncursed scroll of light
  s - a blessed scroll of magic mapping
  k - a blessed scroll of remove curse
  i - an uncursed scroll of teleportation
 Spellbooks  ('+')
  m - an uncursed spellbook of confuse monster
  y - an uncursed spellbook of confuse monster
  l - a blessed spellbook of force bolt
 Potions  ('!')
  g - an uncursed potion of booze
  p - 2 uncursed potions of healing
  f - 2 uncursed potions of paralysis
  z - a blessed potion of see invisible
  h - an uncursed potion of speed
  r - an uncursed potion of water
 Rings    ('=')
  e - an uncursed ring of cold resistance
  d - an uncursed +1 ring of gain strength
 Wands    ('/')
  c - an uncursed wand of create monster (0:12)
 Tools    ('(')
  n - an uncursed magic marker (0:22)
  C - an uncursed skeleton key
  D - an uncursed tin opener
  v - an uncursed towel

Jinnora the Wizard's attributes:

Background:
 You were a Conjurer, a level 3 female human Wizard.
 You were neutral, on a mission for Thoth
 who was opposed by Ptah (lawful) and Anhur (chaotic).
 You were right-handed.
 You were in the Dungeons of Doom, on level 5.
 You entered the dungeon 963 turns ago.
 There was a new moon in effect when your adventure ended.
 You had 77 experience points, 3 more were needed to attain level 4.

Basics:
 You had 0 out of 21 hit points.
 You had 14 out of 32 energy points (spell power).
 Your armor class was 9.
 Your wallet contained 337 zorkmids.
 Autopickup was off.

Final Characteristics:
 Your strength was 9 (limit:18/100).
 Your dexterity was 11 (limit:18).
 Your constitution was 13 (limit:18).
 Your intelligence was 17 (limit:18).
 Your wisdom was 15 (limit:18).
 Your charisma was 12 (limit:18).

Final Status:
 You weren't hungry.
 You were unencumbered.
 You were wielding a quarterstaff.
 You had basic skill with quarterstaff.

Final Attributes:
 You were stridently aligned.
 You were magic-protected.
 You were warded.
 You were unlucky.
 You are dead.

Miscellaneous:
 You didn't encounter any bones levels.
 Total elapsed playing time was 12 minutes and 8 seconds.

Major events:
 Turn
    1: Jinnora the neutral female human Wizard entered the dungeon
  705: entered the Gnomish Mines
  707: attained the rank of Conjurer (level 3)
  963: killed by a gnome lord

Spells:
 Name                 Level Category     Fail Retention
 force bolt             1   attack         0%  91%-100%
 confuse monster        1   enchantment    0%  91%-100%

Skills:
 Fighting Skills
   bare handed combat [Unskilled]
   riding             [Unskilled]
 Weapon Skills
   dagger             [Unskilled]
   knife              [Unskilled]
   axe                [Unskilled]
   short sword        [Unskilled]
   club               [Unskilled]
   mace               [Unskilled]
   quarterstaff       [Basic]
   polearms           [Unskilled]
   spear              [Unskilled]
   trident            [Unskilled]
   sling              [Unskilled]
   dart               [Unskilled]
   shuriken           [Unskilled]
 Spellcasting Skills
   attack spells      [Basic]
   healing spells     [Unskilled]
   divination spells  [Unskilled]
   enchantment spells [Basic]
   clerical spells    [Unskilled]
   escape spells      [Unskilled]
   matter spells      [Unskilled]

Voluntary challenges:
 Character rerolling was not enabled.
 You were an atheist.
 You never genocided any monsters.
 You never polymorphed an object.
 You never changed form.
 You used no wishes.
Achievements:
 You entered a shop.
 You entered the Gnomish Mines.
 You attained the rank of Conjurer.

 The Dungeons of Doom: levels 1 to 5
    Level 1:
       A grave.
    Level 2:
       A scroll shop.
    Level 3:
    Level 4:
       Stairs down to The Gnomish Mines.
    Level 5: <- You were here.
       Final resting place for
          you, killed by a gnome lord.
 The Gnomish Mines:
    Level 5:


Vanquished creatures:
  a rock piercer
  2 dwarves
  a coyote
  a hobgoblin
  a red mold
  a gecko
  2 jackals
  a kobold
  a goblin
  2 sewer rats
  6 grid bugs
  a bat
  2 lichens
  a kobold zombie
  a newt
24 creatures vanquished.

No species were genocided or became extinct.

Game over:
                       ----------
                      /          \
                     /    REST    \
                    /      IN      \
                   /     PEACE      \
                  /                  \
                  |     Jinnora      |
                  |      337 Au      |
                  |   killed by a    |
                  |    gnome lord    |
                  |                  |
                  |                  |
                  |       2026       |
                 *|     *  *  *      | *
        _________)/\\_//(\/(/\)/\//\/|_)_______

Goodbye Jinnora the Wizard...

You died in The Dungeons of Doom on dungeon level 5 with 812 points,
and 337 pieces of gold, after 963 moves.
You were level 3 with a maximum of 21 hit points when you died.

